 Dungeon Crawl Stone Soup version 0.29.0-13-gc9e81de378 (webtiles) character file.

Game seed: 4921521681551813587

51 ILmort the Shooter (level 3, -2/29 HPs)
             Began as a Barachi Hunter on Sept 10, 2022.
             Slain by a gnoll
             ... wielding a +0 whip
              (5 damage)
             ... on level 3 of the Dungeon.
             The game lasted 00:04:24 (1674 turns).

ILmort the Shooter (Barachi Hunter)                 Turns: 1674, Time: 00:04:25

Health: -2/29      AC:  4    Str: 12    XL:     3   Next: 81%
Magic:  3/3        EV: 12    Int:  9    God:
Gold:   144        SH:  0    Dex: 17    Spells: 2/2 levels left

rFire   . . .      SeeInvis +   a - +0 shortbow
rCold   . . .      Faith    .   (shield currently unavailable)
rNeg    . . .      Spirit   .   c - +0 leather armour
rPois   +          Reflect  .   (no helmet)
rElec   .          Harm     .   g - +0 cloak
rCorr   .          Rampage  .   (no gloves)
Will    .....                   (no boots)
Stlth   ++........              (no amulet)
HPRegen 0.09/turn               e - ring of see invisible
MPRegen 0.08/turn               f - ring of poison resistance

@: unable to hop, slow
A: amphibious, slowness 1, strong legs 1, +LOS
a: Hop


You were on level 3 of the Dungeon.
You visited 1 branch of the dungeon, and saw 3 of its levels.

You collected 144 gold pieces.

Inventory:

Hand Weapons
 a - a +0 shortbow (weapon)
 b - a +0 short sword of holy wrath
 o - a +0 short sword
Armour
 c - a +0 leather armour (worn)
 g - a +0 cloak (worn)
Jewellery
 e - a ring of see invisible (left hand)
 f - a ring of poison resistance (right hand)
 h - a ring of protection from fire
Scrolls
 d - a scroll of enchant armour {unknown}
 k - a scroll of poison {unknown}
 m - a scroll of immolation
 p - a scroll of amnesia {unknown}
 q - a scroll of identify {unknown}
Potions
 i - a potion of degeneration {unknown}
 j - a potion of magic {unknown}
 l - a potion of berserk rage {unknown}
 n - a potion of curing {unknown}
 r - a potion of might {unknown}
 s - a potion of resistance {unknown}


   Skills:
 + Level 3.4 Fighting
 * Level 4.9 Ranged Weapons
 - Level 2.1 Dodging
 - Level 0.8 Stealth


You had 2 spell levels left.
You didn't know any spells.
Your spell library was empty.

Dungeon Overview and Level Annotations

Branches:
Dungeon (3/15)

Altars:
Qazlal

Annotations:
D:1 1 transporter


Innate Abilities, Weirdness & Mutations

You are amphibious.
You cover ground slowly.
You can hop short distances.
You have an extended range of vision and can be seen from far away.


Message History

You are too injured to fight recklessly!
You are too injured to fight recklessly!
You are too injured to fight recklessly!
Hop to where?
Boing!
You are too injured to fight recklessly!
Okay, then.
Fire: a) +0 shortbow
Aim: a gnoll, wielding a +0 club (66% to hit)
You shoot an arrow. The arrow hits the gnoll.
Fire: a) +0 shortbow
Aim: a gnoll, wielding a +0 club (moderately wounded, 66% to hit)
You shoot an arrow. The arrow barely misses the gnoll.
The arrow hits the gnoll.
The gnoll closely misses you.
Fire: a) +0 shortbow
Aim: a gnoll, wielding a +0 club (moderately wounded, 66% to hit)
You shoot an arrow. The arrow barely misses the gnoll.
The arrow hits the gnoll!
The gnoll barely misses you.
Fire: a) +0 shortbow
Aim: a gnoll, wielding a +0 club (moderately wounded, 66% to hit)
You shoot an arrow. The arrow hits the gnoll.
Fire: a) +0 shortbow
Aim: a gnoll, wielding a +0 club (heavily wounded, 66% to hit)
You shoot an arrow. The arrow barely misses the gnoll.
The gnoll closely misses you. The gnoll hits you with a +0 flail!
Fire: a) +0 shortbow
Aim: a gnoll, wielding a +0 club (heavily wounded, 66% to hit)
You shoot an arrow. The arrow closely misses the gnoll.
The gnoll barely misses you. The gnoll hits you with a +0 flail!
* * * LOW HITPOINT WARNING * * *
The gnoll closely misses you.
Unknown command.
Fire: a) +0 shortbow
Aim: a gnoll, wielding a +0 club (heavily wounded, 66% to hit)
You shoot an arrow.
The arrow hits the gnoll but does no damage.
The gnoll barely misses you. The gnoll hits you with a +0 whip.
You die...

#......†[....##.##
##............# .#
#.............# .# .
##.............##.# ... ##
#.....[.........#.# .....
>###...............#.##
......##!##.###..............#
.........#.g###.............<#
...........gg@##.............#
.....########g###............#
.... ...................# ..
#############......# .
#......# #......# ###....#
######


You could see 4 gnolls.

Vanquished Creatures
  2 worms
  2 dart slugs
  2 orcs (D:3)
  4 bats
  3 endoplasms
  2 giant cockroaches
  A hobgoblin (D:1)
  2 kobolds (D:2)
  A quokka (D:1)
  4 ball pythons
  7 frilled lizards
  5 goblins
  4 rats
39 creatures vanquished.

Notes
Turn   | Place    | Note
-------+----------+-------------------------------------------
     0 | D:1      | ILmort the Barachi Hunter began the quest for the Orb.
     0 | D:1      | Reached XP level 1. HP: 17/17 MP: 1/1
   255 | D:1      | Reached XP level 2. HP: 23/23 MP: 2/2
   840 | D:2      | Reached XP level 3. HP: 4/29 MP: 3/3
  1213 | D:2      | Found a faded altar of an unknown god.
  1547 | D:3      | Found a stormy altar of Qazlal.
  1674 | D:3      | Slain by a gnoll

Illustrated notes

Levels and vault maps discovered:
D:1:      spicycebolla_arrival_risky_transporter, layout_loops_ring,
          nicolae_eternal_life
D:2:      layout_rooms, basic_ecumenical_altar
D:3:      layout_rooms, nicolae_qazlal_scattered_showers,
          minmay_overflow_temple_star_quad, st_stairs_10,
          chequers_decorated_corner, hangedman_glass_teeth

Skill      XL: |  1  2 |
---------------+-------+-----
Fighting       | 3 |  3.4
Ranged Weapons | |  4.9
Dodging        | |  2.1
Stealth        | |  0.8

Action                   || total
-------------------------++-------
Melee: Short sword       ||     8
 Fire: Shortbow          ||   111
 Abil: Hop               ||     2
Armor: Leather armour    ||     5
Dodge: Dodged            ||    19
